 Dungeon Crawl Stone Soup version 0.18-a0-1702-gd20c6a5 (webtiles) character file.

191 xeno23 the Vexing (level 5, -3/37 HPs)
             Began as a Vampire Enchanter on Apr 6, 2016.
             Slain by a gnoll
             ... wielding a +0 spear
              (10 damage)
             ... on level 4 of the Dungeon.
             The game lasted 00:11:43 (2821 turns).

xeno23 the Vexing (Vampire Enchanter)               Turns: 2821, Time: 00:11:44

Health: -3/37      AC:  3    Str:  8    XL:     5   Next: 41%
Magic:  2/8        EV: 13    Int: 17    God:
Gold:   275        SH:  0    Dex: 15    Spells: 3 memorised, 3 levels left

rFire  . . .     SeeInvis +     k - +2 dagger (venom)
rCold  . . .     Gourm    .     b - +1 robe
rNeg   . . .     Faith    .     (no shield)
rPois  .         Spirit   .     (no helmet)
rElec  .         Dismiss  .     (no cloak)
rCorr  .         Reflect  .     (no gloves)
SustAt .         Harm     .     (no boots)
MR     .....                    (no amulet)
Stlth  +++.......               (no ring)
                                (no ring)

@: regenerating quickly, not resistant to hostile enchantments, fairly stealthy
A: fangs 3, see invisible, unbreathing
a: no special abilities


You were on level 4 of the Dungeon.
You were full.

You visited 1 branch of the dungeon, and saw 4 of its levels.

You collected 275 gold pieces.

Inventory:

Hand Weapons
 k - a +2 dagger of venom (weapon)
Missiles
 l - a throwing net (quivered)
Armour
 b - a +1 robe (worn)
Wands
 n - a wand of lightning (7/15)
 o - a wand of confusion (18/48)
Scrolls
 a - a scroll of recharging {unknown}
 e - 3 scrolls of remove curse
 f - a scroll of amnesia
 h - a scroll of enchant armour {unknown}
 m - a scroll of teleportation {unknown}
 p - a scroll of fog {unknown}
Potions
 d - 8 potions of blood
 g - a potion of berserk rage {unknown}
 i - a potion of flight {unknown}
 j - 3 potions of curing
Books
 c - a book of Maledictions

   Spells                             Type                      Level
   a - Corona                         Hexes                        1
   b - Ensorcelled Hibernation        Hexes/Ice                    2
   c - Confuse                        Hexes                        3
   d - Tukima's Dance                 Hexes                        3
   e - Dazzling Spray                 Conjuration/Hexes            3


   Skills:
 + Level 1.3 Fighting
 * Level 2.9 Short Blades
 + Level 2.8 Dodging
 + Level 5.6 Stealth
 + Level 2.5 Spellcasting
 * Level 6.0 Hexes


You had 3 spell levels left.
You knew the following spells:

 Your Spells              Type           Power        Failure   Level  Hunger
a - Confuse               Hex            ###.....     6%          3    ###....
c - Corona                Hex            ###....      1%          1    #......
f - Ensorcelled Hibernat  Hex/Ice        ##....       10%         2    ##.....


Dungeon Overview and Level Annotations

Branches:
Dungeon (4/15)
 Temple: D:4-7

Altars:
Gozag


Innate Abilities, Weirdness & Mutations

Your natural rate of healing is unusually fast.
You have razor-sharp teeth.
You have supernaturally acute eyesight.
You can survive without breathing.


Message History

You take 4 damage.
You closely miss the gnoll. The gnoll hits you with a spear.
* * * LOW HITPOINT WARNING * * *
You take 3 damage.
You closely miss the gnoll. The gnoll closely misses you.
You hit the gnoll.
The gnoll is poisoned.
The gnoll is lightly wounded.
The gnoll hits you with a spear.
* * * LOW HITPOINT WARNING * * *
You take 2 damage.
Drink which item? (? for menu, Esc to quit)
It was a potion of curing.
You feel better. The gnoll hits you with a spear!
* * * LOW HITPOINT WARNING * * *
You barely miss the gnoll. You bite the gnoll, but do no damage.
The gnoll is moderately wounded.
You hit the gnoll.
The gnoll is severely wounded.
You hear the slow hiss of a distant avalanche of sand.
The gnoll hits you with a spear!
You die...

# ###+#####.< ....
####.......#.###### ....
#<.........#......#.....
#####.......#..# .#.....
#.......@......# .......
#.######g)...#.# .......
#.....+ ###.......
##....# #.g.....:.
#..[.# #.#g......
####'###.#.g.....
.......#..g.#.?...(.
.......######.......
§§≈≈≈.. .......


You could see a gnoll.

Vanquished Creatures
  Natasha (twice) (D:2)
  6 gnolls
  An adder (D:2)
  An ooze (D:3)
  A worm (D:2)
  5 dart slugs
  2 giant geckos
  3 orcs
  7 goblins
  4 hobgoblins
  4 jackals (D:3)
  A quokka (D:2)
  A ball python (D:1)
  6 bats
  3 giant newts
  5 kobolds
  7 rats
59 creatures vanquished.

Notes
Turn   | Place    | Note
--------------------------------------------------------------
     0 | D:1      | xeno23 the Vampire Enchanter began the quest for the Orb.
     0 | D:1      | Reached XP level 1. HP: 13/13 MP: 3/3
   219 | D:1      | Reached XP level 2. HP: 20/20 MP: 5/5
   282 | D:1      | Learned a level 2 spell: Ensorcelled Hibernation
   972 | D:2      | Reached XP level 3. HP: 25/25 MP: 6/6
  1100 | D:2      | Learned a level 3 spell: Confuse
  1144 | D:2      | Reached skill level 1 in Fighting
  1144 | D:2      | Reached skill level 5 in Hexes
  1284 | D:2      | Reached skill level 5 in Stealth
  1463 | D:2      | Reached XP level 4. HP: 30/32 MP: 7/7
  1687 | D:2      | Noticed Natasha
  1698 | D:2      | Killed Natasha
  1801 | D:2      | Noticed Natasha
  1812 | D:2      | Killed Natasha
  2000 | D:2      | Reached XP level 5. HP: 26/37 MP: 8/8
  2545 | D:3      | Found an opulent altar of Gozag.
  2815 | D:4      | Reached skill level 6 in Hexes
  2821 | D:4      | Slain by a gnoll

Vault maps used:
D:1:      wheals_arrival_linesprint
D:2:      uniq_natasha
D:3:      grunt_gozag_breadcrumbs, serial_forest, infiniplex_forest_clump_cross,
          infiniplex_forest_clump_diagonal, infiniplex_forest_clump_large,
          infiniplex_forest_clump_C, infiniplex_forest_straight_4,
          infiniplex_forest_join, infiniplex_forest_lined_2
D:4:      nicolae_ossuary_entry_monument, kennysheep_pointless_box, uniq_sigmund

Skill      XL: |  1  2  3  4  5 |
---------------+----------------+-----
Fighting       | 1 |  1.3
Hexes          | 5 6 |  6.0
Short Blades   | 2 |  2.9
Stealth        | 5 |  5.6
Dodging        | |  2.8
Spellcasting   | |  2.5

Action                   |  1- 3 |  4- 6 || total
-------------------------+-------+-------++-------
Melee: Dagger            |    85 |    69 ||   154
 Cast: Ensorcelled Hiber |     2 |       ||     2
       Confuse           |     1 |     4 ||     5
  Use: Potion            |     2 |     1 ||     3
       Scroll            |     1 |     1 ||     2
 Stab: Sleeping          |    12 |     8 ||    20
       Confused          |     1 |       ||     1
  Eat: Corpse            |     8 |     4 ||    12
